3489 views
Uploaded 2020-04-14 18:58:25
Game version 1.32.3
39:24 long 4on4 ladder game on (8)Battleground_LV
Saved by BEARAND
3489 views
Uploaded 2020-04-14 18:58:25
Game version 1.32.3
39:24 long 4on4 ladder game on (8)Battleground_LV


103 units @ 7.4k
/ 0.2k
325 buildings @ 22k
/ 11.2k



| Scroll of Regeneration | 7 | 700 |
| Lesser Clarity Potion | 7 | 490 |
| Mechanical Critter | 2 | 100 |
| Staff of Sanctuary | 3 | 750 |
| Potion of Mana | 4 | 800 |
| Potion of Healing | 4 | 600 |
| Boots of Speed | 3 | 750 |
| Potion of Lesser Invulnerability | 1 | 150 |
| Staff of Teleportation | 3 | 450 |
| Circlet of Nobility | 3 | 525 |
| Periapt of Vitality | 1 | 325 |
| total: | 38 | 5640g |
| Peasant | 20 | 1500 | / | 0 |
| total: | 20 | 1500g | / | 0w |
| Scout Tower | 84 | 2520 | / | 1680 |
| Arcane Tower | 7 | 490 | / | 350 |
| Guard Tower | 33 | 2310 | / | 1650 |
| Altar of Kings | 1 | 180 | / | 50 |
| Farm | 3 | 240 | / | 60 |
| Lumber Mill | 1 | 120 | / | 0 |
| Arcane Vault | 2 | 260 | / | 60 |
| Town Hall | 2 | 770 | / | 410 |
| Arcane Sanctum | 1 | 150 | / | 140 |
| Keep | 1 | 320 | / | 210 |
| Castle | 1 | 360 | / | 210 |
| total: | 94 | 4240g | / | 2400w |
| 0:01 | Peasant |
| 0:03 | Altar of Kings |
| 0:07 | Peasant |
| 0:10 | Farm |
| 0:19 | Peasant |
| 0:27 | Peasant |
| 0:57 | Peasant |
| 1:04 | Lumber Mill |
| 1:16 | Peasant |
| 1:19 | Scout Tower |
| 1:26 | Peasant |
| 1:33 | Scout Tower |
| 1:34 | Peasant |
| 1:41 | Farm |
| 1:43 | Blizzard |
| 1:47 | Peasant |
| 1:48 | Arcane Tower |
| 1:49 | Scout Tower |
| 1:54 | Peasant |
| 2:12 | Scout Tower |
| 2:17 | Arcane Tower |
| 2:18 | Scout Tower |
| 2:19 | Scout Tower |
| 2:33 | Peasant |
| 3:01 | Guard Tower |
| 3:02 | Scout Tower |
| 3:03 | Scout Tower |
| 3:03 | Scout Tower |
| 3:05 | Guard Tower |
| 3:06 | Scout Tower |
| 3:24 | Peasant |
| 3:24 | Peasant |
| 3:25 | Improved Masonry |
| 3:36 | Guard Tower |
| 3:38 | Scout Tower |
| 3:38 | Scout Tower |
| 3:39 | Peasant |
| 3:59 | Guard Tower |
| 4:00 | Guard Tower |
| 4:27 | Guard Tower |
| 4:28 | Scout Tower |
| 4:48 | Arcane Vault |
| 5:15 | Scout Tower |
| 5:54 | Guard Tower |
| 5:55 | Scout Tower |
| 5:59 | Peasant |
| 6:10 | Scroll of Regeneration |
| 6:10 | Lesser Clarity Potion |
| 6:11 | Mechanical Critter |
| 6:11 | Mechanical Critter |
| 6:19 | Keep |
| 6:23 | Scout Tower |
| 6:23 | Scout Tower |
| 6:39 | Guard Tower |
| 6:41 | Scout Tower |
| 6:43 | Guard Tower |
| 6:46 | Scout Tower |
| 6:47 | Scout Tower |
| 6:47 | Scout Tower |
| 6:49 | Scout Tower |
| 6:50 | Scout Tower |
| 6:50 | Scout Tower |
| 7:17 | Arcane Tower |
| 7:19 | Scout Tower |
| 7:20 | Scout Tower |
| 8:06 | Brilliance Aura |
| 8:12 | Guard Tower |
| 8:18 | Guard Tower |
| 8:20 | Scout Tower |
| 8:21 | Scout Tower |
| 8:23 | Arcane Tower |
| 8:23 | Guard Tower |
| 8:25 | Scroll of Regeneration |
| 8:43 | Farm |
| 8:46 | Scout Tower |
| 8:48 | Scout Tower |
| 8:48 | Scout Tower |
| 9:00 | Peasant |
| 9:08 | Peasant |
| 9:17 | Town Hall |
| 9:21 | Town Hall |
| 9:26 | Blizzard |
| 9:34 | Scout Tower |
| 9:34 | Scout Tower |
| 9:35 | Scout Tower |
| 9:35 | Scout Tower |
| 9:36 | Arcane Tower |
| 10:15 | Boots of Speed |
| 10:18 | Potion of Lesser Invulnerability |
| 10:21 | Guard Tower |
| 10:23 | Scout Tower |
| 10:23 | Scout Tower |
| 10:24 | Scout Tower |
| 10:25 | Scout Tower |
| 10:25 | Scout Tower |
| 10:25 | Scout Tower |
| 10:27 | Arcane Tower |
| 10:28 | Guard Tower |
| 10:31 | Guard Tower |
| 10:36 | Scroll of Regeneration |
| 10:44 | Peasant |
| 10:46 | Scout Tower |
| 10:47 | Scout Tower |
| 10:48 | Scout Tower |
| 10:48 | Scout Tower |
| 11:01 | Guard Tower |
| 11:27 | Peasant |
| 11:27 | Peasant |
| 11:39 | Scout Tower |
| 11:39 | Scout Tower |
| 11:55 | Scout Tower |
| 11:55 | Scout Tower |
| 12:10 | Castle |
| 12:21 | Guard Tower |
| 12:23 | Guard Tower |
| 12:29 | Scroll of Regeneration |
| 12:32 | Guard Tower |
| 12:34 | Scout Tower |
| 12:35 | Scout Tower |
| 12:44 | Storm Bolt |
| 13:31 | Guard Tower |
| 13:32 | Scout Tower |
| 13:32 | Scout Tower |
| 13:35 | Advanced Masonry |
| 13:35 | Improved Lumber Harvesting |
| 13:42 | Guard Tower |
| 13:44 | Arcane Vault |
| 13:46 | Scout Tower |
| 13:46 | Scout Tower |
| 13:47 | Scout Tower |
| 14:54 | Boots of Speed |
| 14:54 | Staff of Teleportation |
| 14:54 | Circlet of Nobility |
| 15:08 | Guard Tower |
| 15:10 | Scout Tower |
| 15:24 | Bash |
| 15:37 | Brilliance Aura |
| 16:16 | Guard Tower |
| 16:28 | Imbued Masonry |
| 16:28 | Advanced Lumber Harvesting |
| 16:31 | Arcane Sanctum |
| 16:36 | Scroll of Regeneration |
| 16:37 | Staff of Sanctuary |
| 16:47 | Holy Light |
| 16:52 | Lesser Clarity Potion |
| 16:52 | Lesser Clarity Potion |
| 16:52 | Potion of Mana |
| 16:52 | Potion of Mana |
| 16:53 | Potion of Healing |
| 17:18 | Boots of Speed |
| 17:21 | Circlet of Nobility |
| 19:22 | Staff of Teleportation |
| 19:34 | Scout Tower |
| 19:35 | Scout Tower |
| 19:35 | Scout Tower |
| 19:36 | Scout Tower |
| 19:36 | Scout Tower |
| 19:37 | Scout Tower |
| 19:37 | Scout Tower |
| 19:38 | Scout Tower |
| 19:38 | Scout Tower |
| 19:39 | Scout Tower |
| 19:47 | Guard Tower |
| 20:09 | Guard Tower |
| 21:14 | Magic Sentry |
| 23:53 | Potion of Mana |
| 23:54 | Staff of Sanctuary |
| 24:29 | Potion of Healing |
| 24:30 | Lesser Clarity Potion |
| 24:59 | Scroll of Regeneration |
| 25:03 | Lesser Clarity Potion |
| 25:07 | Potion of Healing |
| 25:11 | Lesser Clarity Potion |
| 25:55 | Potion of Healing |
| 25:58 | Potion of Mana |
| 26:28 | Storm Bolt |
| 26:42 | Scroll of Regeneration |
| 26:48 | Staff of Sanctuary |
| 26:55 | Lesser Clarity Potion |
| 27:06 | Scout Tower |
| 27:06 | Scout Tower |
| 27:07 | Scout Tower |
| 27:08 | Scout Tower |
| 27:09 | Scout Tower |
| 27:11 | Scout Tower |
| 27:11 | Scout Tower |
| 27:12 | Scout Tower |
| 27:12 | Scout Tower |
| 27:13 | Scout Tower |
| 27:13 | Scout Tower |
| 28:23 | Arcane Tower |
| 28:24 | Guard Tower |
| 28:28 | Staff of Teleportation |
| 28:28 | Periapt of Vitality |
| 28:29 | Circlet of Nobility |
| 29:08 | Guard Tower |
| 30:02 | Guard Tower |
| 30:22 | Guard Tower |
| 30:37 | Divine Shield |
| 31:02 | Guard Tower |
| 32:12 | Guard Tower |
| 32:13 | Scout Tower |
| 32:14 | Scout Tower |
| 32:14 | Scout Tower |
| 32:15 | Scout Tower |
| 32:16 | Scout Tower |
| 32:16 | Scout Tower |
| 33:49 | Blizzard |
| 34:30 | Guard Tower |
| 34:56 | Guard Tower |
| 37:56 | Holy Light |
| 38:20 | Bash |
| Right click | 2317 |
| Select group | 1077 |
| Assign group | 494 |
| Select | 486 |
| Build/train/purchase | 213 |
| Chat | 174 |
| Use ability | 137 |
| Misc. action | 12 |
| Item give/drop | 5 |
| Minimap ping | 2 |
⇛
Mata
(39:34) : 


| Orb of Venom | 1 | 325 |
| Staff of Teleportation | 3 | 450 |
| Periapt of Vitality | 1 | 325 |
| Boots of Speed | 2 | 500 |
| Staff of Sanctuary | 3 | 750 |
| Scroll of Regeneration | 1 | 100 |
| total: | 11 | 2450g |
| Wisp | 26 | 1560 | / | 0 |
| total: | 26 | 1560g | / | 0w |
| Ancient Protector | 10 | 1350 | / | 800 |
| Altar of Elders | 1 | 180 | / | 50 |
| Moon Well | 11 | 1980 | / | 440 |
| Tree of Life | 2 | 680 | / | 370 |
| Hunter's Hall | 1 | 210 | / | 100 |
| Tree of Ages | 1 | 320 | / | 180 |
| Tree of Eternity | 1 | 330 | / | 200 |
| total: | 25 | 4400g | / | 1760w |
| 0:01 | Wisp |
| 0:04 | Altar of Elders |
| 0:10 | Wisp |
| 0:16 | Moon Well |
| 0:25 | Wisp |
| 0:37 | Wisp |
| 0:44 | Wisp |
| 0:53 | Moon Well |
| 0:54 | Wisp |
| 1:17 | Wisp |
| 1:33 | Wisp |
| 1:51 | Wisp |
| 2:07 | Wisp |
| 2:09 | Entangling Roots |
| 2:25 | Wisp |
| 2:25 | Wisp |
| 2:26 | Wisp |
| 3:09 | Wisp |
| 3:09 | Wisp |
| 3:59 | Tree of Ages |
| 4:02 | Moon Well |
| 4:03 | Moon Well |
| 4:04 | Moon Well |
| 5:09 | Tree of Life |
| 6:17 | Staff of Teleportation |
| 6:24 | Soul Burn |
| 6:31 | Tree of Eternity |
| 7:48 | Hunter's Hall |
| 8:36 | Thorns Aura |
| 9:09 | Staff of Teleportation |
| 9:14 | Frost Arrows |
| 9:17 | Wisp |
| 9:17 | Wisp |
| 9:17 | Wisp |
| 9:17 | Wisp |
| 9:18 | Wisp |
| 9:19 | Wisp |
| 9:19 | Wisp |
| 9:19 | Wisp |
| 9:21 | Well Spring |
| 9:50 | Incinerate |
| 10:05 | Ultravision |
| 10:06 | Wisp |
| 10:06 | Wisp |
| 10:06 | Wisp |
| 10:17 | Moon Well |
| 10:18 | Moon Well |
| 10:19 | Moon Well |
| 12:01 | Staff of Teleportation |
| 12:14 | Forked Lightning |
| 12:35 | Entangling Roots |
| 18:12 | Staff of Sanctuary |
| 18:24 | Strength of the Moon |
| 18:32 | Staff of Sanctuary |
| 19:05 | Frost Arrows |
| 19:44 | Soul Burn |
| 19:59 | Periapt of Vitality |
| 20:17 | Boots of Speed |
| 20:18 | Boots of Speed |
| 21:59 | Thorns Aura |
| 22:23 | Staff of Sanctuary |
| 24:27 | Scroll of Regeneration |
| 24:35 | Moon Well |
| 24:35 | Moon Well |
| 24:36 | Moon Well |
| 26:38 | Tree of Life |
| 27:28 | Orb of Venom |
| 29:52 | Incinerate |
| 30:31 | Forked Lightning |
| 32:21 | Nature's Blessing |
| 32:43 | Entangling Roots |
| 36:50 | Ancient Protector |
| 36:50 | Ancient Protector |
| 36:51 | Ancient Protector |
| 36:52 | Ancient Protector |
| 36:57 | Ancient Protector |
| 37:06 | Frost Arrows |
| 37:08 | Incinerate |
| 37:48 | Ancient Protector |
| 37:49 | Ancient Protector |
| 37:51 | Ancient Protector |
| 37:51 | Ancient Protector |
| 37:52 | Ancient Protector |
| Right click | 2464 |
| Select | 1221 |
| Select group | 743 |
| Chat | 164 |
| Use ability | 125 |
| Assign group | 106 |
| Resource trade | 102 |
| Build/train/purchase | 100 |
| Minimap ping | 17 |
| Misc. action | 14 |
| Item give/drop | 3 |



| Staff of Sanctuary | 4 | 1000 |
| Potion of Healing | 2 | 300 |
| Potion of Mana | 4 | 800 |
| Boots of Speed | 3 | 750 |
| Staff of Teleportation | 3 | 450 |
| Potion of Lesser Invulnerability | 1 | 150 |
| total: | 17 | 3450g |
| Peasant | 16 | 1200 | / | 0 |
| Priest | 2 | 270 | / | 20 |
| total: | 18 | 1470g | / | 20w |
| Scout Tower | 153 | 4590 | / | 3060 |
| Guard Tower | 92 | 6440 | / | 4600 |
| Arcane Tower | 10 | 700 | / | 500 |
| Altar of Kings | 1 | 180 | / | 50 |
| Farm | 4 | 320 | / | 80 |
| Lumber Mill | 1 | 120 | / | 0 |
| Town Hall | 1 | 385 | / | 205 |
| Arcane Vault | 3 | 390 | / | 90 |
| Arcane Sanctum | 1 | 150 | / | 140 |
| Keep | 2 | 640 | / | 420 |
| Castle | 2 | 720 | / | 420 |
| total: | 164 | 6135g | / | 3625w |
| 0:01 | Peasant |
| 0:02 | Peasant |
| 0:03 | Peasant |
| 0:08 | Altar of Kings |
| 0:18 | Farm |
| 0:19 | Peasant |
| 0:32 | Lumber Mill |
| 0:35 | Peasant |
| 0:47 | Peasant |
| 1:17 | Farm |
| 1:34 | Scout Tower |
| 1:43 | Scout Tower |
| 1:44 | Peasant |
| 1:57 | Peasant |
| 1:59 | Peasant |
| 2:00 | Peasant |
| 2:02 | Guard Tower |
| 2:03 | Scout Tower |
| 2:12 | Blizzard |
| 2:15 | Arcane Tower |
| 2:15 | Scout Tower |
| 2:16 | Scout Tower |
| 2:17 | Peasant |
| 2:17 | Peasant |
| 2:17 | Peasant |
| 2:19 | Scout Tower |
| 2:20 | Scout Tower |
| 2:49 | Guard Tower |
| 2:50 | Arcane Tower |
| 2:52 | Peasant |
| 3:13 | Guard Tower |
| 3:14 | Scout Tower |
| 3:15 | Scout Tower |
| 3:15 | Scout Tower |
| 3:15 | Scout Tower |
| 3:15 | Scout Tower |
| 3:16 | Scout Tower |
| 3:16 | Scout Tower |
| 3:16 | Scout Tower |
| 3:18 | Guard Tower |
| 3:19 | Scout Tower |
| 3:20 | Scout Tower |
| 3:20 | Scout Tower |
| 3:20 | Scout Tower |
| 3:42 | Boots of Speed |
| 3:42 | Staff of Teleportation |
| 4:02 | Guard Tower |
| 4:14 | Keep |
| 5:07 | Guard Tower |
| 5:10 | Farm |
| 5:11 | Farm |
| 5:32 | Guard Tower |
| 5:33 | Scout Tower |
| 5:34 | Scout Tower |
| 6:24 | Improved Masonry |
| 6:28 | Guard Tower |
| 6:28 | Guard Tower |
| 6:31 | Scout Tower |
| 6:31 | Scout Tower |
| 6:32 | Scout Tower |
| 6:32 | Scout Tower |
| 6:34 | Guard Tower |
| 6:34 | Guard Tower |
| 6:34 | Guard Tower |
| 6:36 | Scout Tower |
| 6:37 | Scout Tower |
| 6:37 | Scout Tower |
| 6:38 | Scout Tower |
| 7:24 | Brilliance Aura |
| 7:25 | Advanced Masonry |
| 7:27 | Guard Tower |
| 7:27 | Guard Tower |
| 8:15 | Arcane Sanctum |
| 8:23 | Storm Bolt |
| 8:45 | Guard Tower |
| 8:48 | Scout Tower |
| 8:48 | Scout Tower |
| 8:49 | Scout Tower |
| 8:49 | Scout Tower |
| 8:50 | Scout Tower |
| 8:50 | Scout Tower |
| 8:51 | Scout Tower |
| 8:51 | Scout Tower |
| 8:52 | Scout Tower |
| 8:52 | Scout Tower |
| 8:53 | Scout Tower |
| 8:54 | Scout Tower |
| 9:25 | Scout Tower |
| 9:38 | Magic Sentry |
| 9:38 | Priest |
| 9:41 | Guard Tower |
| 9:42 | Guard Tower |
| 9:42 | Guard Tower |
| 9:42 | Guard Tower |
| 10:02 | Arcane Tower |
| 10:03 | Scout Tower |
| 10:08 | Guard Tower |
| 10:16 | Arcane Tower |
| 10:17 | Guard Tower |
| 10:44 | Guard Tower |
| 10:46 | Scout Tower |
| 10:46 | Scout Tower |
| 10:46 | Scout Tower |
| 12:12 | Castle |
| 12:21 | Bash |
| 12:38 | Scout Tower |
| 12:38 | Scout Tower |
| 12:39 | Scout Tower |
| 12:39 | Scout Tower |
| 12:39 | Scout Tower |
| 12:40 | Scout Tower |
| 12:50 | Staff of Teleportation |
| 12:50 | Boots of Speed |
| 13:11 | Guard Tower |
| 13:12 | Guard Tower |
| 13:14 | Town Hall |
| 13:15 | Guard Tower |
| 13:21 | Priest Adept Training |
| 13:46 | Scout Tower |
| 13:46 | Scout Tower |
| 13:47 | Scout Tower |
| 13:48 | Scout Tower |
| 13:48 | Scout Tower |
| 13:49 | Scout Tower |
| 13:50 | Guard Tower |
| 13:51 | Scout Tower |
| 13:52 | Scout Tower |
| 13:53 | Scout Tower |
| 13:54 | Scout Tower |
| 13:54 | Scout Tower |
| 13:54 | Scout Tower |
| 13:55 | Scout Tower |
| 13:56 | Scout Tower |
| 13:56 | Scout Tower |
| 14:19 | Guard Tower |
| 14:22 | Guard Tower |
| 14:23 | Scout Tower |
| 14:24 | Scout Tower |
| 14:24 | Scout Tower |
| 14:25 | Scout Tower |
| 14:58 | Blizzard |
| 15:07 | Guard Tower |
| 15:07 | Guard Tower |
| 15:09 | Imbued Masonry |
| 15:11 | Scout Tower |
| 15:12 | Scout Tower |
| 15:12 | Scout Tower |
| 15:13 | Scout Tower |
| 15:14 | Scout Tower |
| 15:14 | Scout Tower |
| 15:15 | Scout Tower |
| 15:15 | Scout Tower |
| 15:18 | Guard Tower |
| 15:19 | Guard Tower |
| 15:23 | Arcane Vault |
| 15:26 | Arcane Vault |
| 15:29 | Arcane Vault |
| 15:30 | Guard Tower |
| 15:44 | Holy Light |
| 16:30 | Guard Tower |
| 16:33 | Boots of Speed |
| 16:40 | Guard Tower |
| 16:53 | Staff of Sanctuary |
| 17:00 | Staff of Teleportation |
| 17:08 | Potion of Lesser Invulnerability |
| 17:43 | Scout Tower |
| 17:44 | Scout Tower |
| 17:44 | Scout Tower |
| 17:45 | Scout Tower |
| 17:45 | Scout Tower |
| 17:47 | Potion of Healing |
| 17:47 | Potion of Healing |
| 17:50 | Potion of Mana |
| 17:53 | Potion of Mana |
| 17:54 | Peasant |
| 17:54 | Peasant |
| 18:13 | Guard Tower |
| 18:14 | Scout Tower |
| 18:17 | Scout Tower |
| 18:17 | Scout Tower |
| 18:56 | Staff of Sanctuary |
| 18:56 | Staff of Sanctuary |
| 19:02 | Guard Tower |
| 19:04 | Scout Tower |
| 19:05 | Scout Tower |
| 19:05 | Scout Tower |
| 19:06 | Scout Tower |
| 19:20 | Guard Tower |
| 19:23 | Guard Tower |
| 19:26 | Scout Tower |
| 19:26 | Scout Tower |
| 19:26 | Scout Tower |
| 19:27 | Scout Tower |
| 19:39 | Guard Tower |
| 19:43 | Scout Tower |
| 19:43 | Scout Tower |
| 19:45 | Guard Tower |
| 20:14 | Scout Tower |
| 20:14 | Scout Tower |
| 20:21 | Guard Tower |
| 20:28 | Scout Tower |
| 20:28 | Scout Tower |
| 20:35 | Guard Tower |
| 20:39 | Scout Tower |
| 20:40 | Scout Tower |
| 20:41 | Scout Tower |
| 20:46 | Staff of Sanctuary |
| 20:56 | Guard Tower |
| 21:22 | Guard Tower |
| 21:29 | Scout Tower |
| 21:30 | Scout Tower |
| 21:30 | Scout Tower |
| 21:31 | Scout Tower |
| 21:31 | Guard Tower |
| 23:52 | Storm Bolt |
| 24:01 | Potion of Mana |
| 24:01 | Potion of Mana |
| 24:06 | Guard Tower |
| 25:56 | Divine Shield |
| 26:36 | Guard Tower |
| 26:37 | Scout Tower |
| 26:38 | Scout Tower |
| 26:39 | Scout Tower |
| 26:39 | Scout Tower |
| 26:40 | Scout Tower |
| 26:40 | Scout Tower |
| 26:52 | Guard Tower |
| 26:57 | Scout Tower |
| 26:58 | Scout Tower |
| 26:59 | Scout Tower |
| 26:59 | Scout Tower |
| 26:59 | Scout Tower |
| 27:00 | Scout Tower |
| 27:00 | Scout Tower |
| 27:01 | Scout Tower |
| 27:01 | Scout Tower |
| 27:36 | Guard Tower |
| 27:56 | Guard Tower |
| 28:40 | Guard Tower |
| 29:00 | Scout Tower |
| 29:01 | Scout Tower |
| 29:01 | Scout Tower |
| 29:12 | Priest |
| 29:15 | Guard Tower |
| 29:16 | Guard Tower |
| 29:29 | Guard Tower |
| 29:56 | Brilliance Aura |
| 30:07 | Scout Tower |
| 30:07 | Scout Tower |
| 30:08 | Scout Tower |
| 30:08 | Scout Tower |
| 30:08 | Scout Tower |
| 30:21 | Guard Tower |
| 30:21 | Arcane Tower |
| 30:22 | Scout Tower |
| 30:23 | Scout Tower |
| 30:23 | Scout Tower |
| 30:23 | Scout Tower |
| 30:23 | Scout Tower |
| 31:13 | Holy Light |
| 31:33 | Arcane Tower |
| 31:46 | Scout Tower |
| 31:46 | Scout Tower |
| 31:47 | Scout Tower |
| 31:47 | Scout Tower |
| 31:47 | Scout Tower |
| 31:48 | Scout Tower |
| 31:48 | Scout Tower |
| 31:49 | Scout Tower |
| 32:28 | Guard Tower |
| 32:32 | Arcane Tower |
| 35:14 | Arcane Tower |
| 38:25 | Scout Tower |
| 38:25 | Scout Tower |
| 38:26 | Scout Tower |
| 38:27 | Bash |
| 38:33 | Scout Tower |
| 38:33 | Scout Tower |
| 38:34 | Scout Tower |
| 38:36 | Scout Tower |
| 38:37 | Scout Tower |
| 38:38 | Scout Tower |
| Right click | 3432 |
| Select | 905 |
| Select group | 623 |
| Chat | 405 |
| Build/train/purchase | 224 |
| Use ability | 157 |
| Minimap ping | 22 |
| Misc. action | 14 |
| Assign group | 13 |
| Item give/drop | 2 |



| Orb of Venom | 1 | 325 |
| Boots of Speed | 3 | 750 |
| Staff of Teleportation | 3 | 450 |
| Circlet of Nobility | 6 | 1050 |
| Periapt of Vitality | 2 | 650 |
| Staff of Sanctuary | 2 | 500 |
| total: | 17 | 3725g |
| Wisp | 37 | 2220 | / | 0 |
| Chimaera | 2 | 660 | / | 140 |
| total: | 39 | 2880g | / | 140w |
| Altar of Elders | 1 | 180 | / | 50 |
| Moon Well | 23 | 4140 | / | 920 |
| Hunter's Hall | 1 | 210 | / | 100 |
| Tree of Life | 3 | 1020 | / | 555 |
| Ancient of Wonders | 5 | 450 | / | 150 |
| Ancient of Wind | 1 | 150 | / | 140 |
| Chimaera Roost | 8 | 1120 | / | 1520 |
| Tree of Ages | 1 | 320 | / | 180 |
| Tree of Eternity | 1 | 330 | / | 200 |
| total: | 42 | 7270g | / | 3435w |
| 0:05 | Wisp |
| 0:05 | Wisp |
| 0:06 | Wisp |
| 0:06 | Altar of Elders |
| 0:09 | Moon Well |
| 0:33 | Moon Well |
| 0:44 | Wisp |
| 1:03 | Wisp |
| 1:03 | Wisp |
| 1:12 | Wisp |
| 1:12 | Wisp |
| 1:35 | Wisp |
| 1:35 | Wisp |
| 1:50 | Wisp |
| 1:50 | Wisp |
| 2:08 | Entangling Roots |
| 2:14 | Moon Well |
| 2:43 | Wisp |
| 2:43 | Wisp |
| 4:05 | Tree of Ages |
| 4:11 | Boots of Speed |
| 4:11 | Staff of Teleportation |
| 4:12 | Circlet of Nobility |
| 4:54 | Moon Well |
| 6:31 | Tree of Eternity |
| 6:53 | Thorns Aura |
| 7:30 | Trueshot Aura |
| 7:41 | Hunter's Hall |
| 7:54 | Tree of Life |
| 8:23 | Tree of Life |
| 8:40 | Ancient of Wonders |
| 8:45 | Moon Well |
| 8:45 | Moon Well |
| 9:17 | Frost Arrows |
| 9:35 | Well Spring |
| 9:35 | Ultravision |
| 10:09 | Moon Well |
| 10:11 | Moon Well |
| 10:11 | Moon Well |
| 10:14 | Wisp |
| 10:14 | Wisp |
| 10:15 | Wisp |
| 10:15 | Wisp |
| 10:15 | Wisp |
| 10:33 | Orb of Venom |
| 12:02 | Searing Arrows |
| 12:09 | Entangling Roots |
| 12:58 | Circlet of Nobility |
| 12:58 | Boots of Speed |
| 14:03 | Wisp |
| 14:03 | Wisp |
| 14:03 | Wisp |
| 14:04 | Wisp |
| 14:04 | Wisp |
| 14:13 | Tree of Life |
| 14:21 | Nature's Blessing |
| 14:50 | Staff of Teleportation |
| 15:00 | Circlet of Nobility |
| 15:59 | Periapt of Vitality |
| 16:59 | Moon Well |
| 16:59 | Moon Well |
| 17:01 | Moon Well |
| 17:01 | Moon Well |
| 17:50 | Moon Well |
| 17:50 | Moon Well |
| 17:51 | Moon Well |
| 17:56 | Wisp |
| 17:56 | Wisp |
| 17:56 | Wisp |
| 17:57 | Wisp |
| 17:57 | Wisp |
| 20:30 | Ancient of Wonders |
| 20:31 | Ancient of Wonders |
| 20:41 | Ancient of Wonders |
| 20:47 | Ancient of Wonders |
| 22:12 | Wisp |
| 22:12 | Wisp |
| 22:13 | Wisp |
| 22:13 | Wisp |
| 22:13 | Wisp |
| 22:23 | Forked Lightning |
| 22:40 | Circlet of Nobility |
| 22:40 | Staff of Teleportation |
| 22:41 | Boots of Speed |
| 25:10 | Periapt of Vitality |
| 25:10 | Circlet of Nobility |
| 25:30 | Staff of Sanctuary |
| 25:51 | Moon Well |
| 25:52 | Moon Well |
| 26:53 | Moon Well |
| 26:54 | Moon Well |
| 27:03 | Wisp |
| 27:04 | Wisp |
| 27:04 | Wisp |
| 27:59 | Moon Well |
| 28:00 | Moon Well |
| 28:02 | Moon Well |
| 28:15 | Thorns Aura |
| 29:07 | Trueshot Aura |
| 29:40 | Staff of Sanctuary |
| 29:58 | Circlet of Nobility |
| 32:14 | Ancient of Wind |
| 32:16 | Strength of the Wild |
| 33:03 | Frost Arrows |
| 34:24 | Chimaera Roost |
| 34:24 | Chimaera Roost |
| 34:26 | Chimaera Roost |
| 34:26 | Chimaera Roost |
| 34:28 | Chimaera Roost |
| 34:29 | Chimaera Roost |
| 34:30 | Chimaera Roost |
| 34:30 | Chimaera Roost |
| 34:32 | Improved Strength of the Wild |
| 35:56 | Chimaera |
| 35:56 | Corrosive Breath |
| 35:59 | Advanced Strength of the Wild |
| 35:59 | Reinforced Hides |
| 36:18 | Chimaera |
| 39:34 | Searing Arrows |
| Right click | 2570 |
| Select group | 1638 |
| Select | 353 |
| Use ability | 292 |
| Chat | 277 |
| Resource trade | 146 |
| Minimap ping | 99 |
| Build/train/purchase | 98 |
| Misc. action | 61 |
| Assign group | 11 |
| Item give/drop | 4 |
| Remove unit | 1 |
219 units @ 34k
/ 4.2k
83 buildings @ 11.7k
/ 5k

| Rod of Necromancy | 1 | 150 |
| Scroll of Town Portal | 2 | 700 |
| total: | 3 | 850g |
| Acolyte | 3 | 225 | / | 0 |
| Ghoul | 3 | 360 | / | 0 |
| Crypt Fiend | 36 | 7740 | / | 1440 |
| Obsidian Statue | 9 | 1800 | / | 315 |
| Meat Wagon | 2 | 460 | / | 100 |
| total: | 53 | 10585g | / | 1855w |
| Spirit Tower | 4 | 580 | / | 160 |
| Crypt | 2 | 400 | / | 100 |
| Graveyard | 1 | 215 | / | 0 |
| Ziggurat | 9 | 1350 | / | 450 |
| Altar of Darkness | 1 | 180 | / | 50 |
| Tomb of Relics | 1 | 130 | / | 30 |
| Slaughterhouse | 1 | 140 | / | 135 |
| Halls of the Dead | 1 | 320 | / | 210 |
| total: | 15 | 2415g | / | 765w |
| 0:08 | Acolyte |
| 0:08 | Acolyte |
| 0:12 | Crypt |
| 0:18 | Graveyard |
| 0:40 | Ziggurat |
| 0:59 | Altar of Darkness |
| 1:21 | Ghoul |
| 1:25 | Ghoul |
| 1:34 | Tomb of Relics |
| 1:43 | Ghoul |
| 1:55 | Ziggurat |
| 2:18 | Crypt Fiend |
| 2:44 | Crypt Fiend |
| 3:05 | Frost Nova |
| 3:10 | Crypt Fiend |
| 4:26 | Crypt Fiend |
| 4:26 | Crypt Fiend |
| 4:26 | Crypt Fiend |
| 4:31 | Creature Attack |
| 4:34 | Creature Carapace |
| 5:00 | Rod of Necromancy |
| 7:37 | Halls of the Dead |
| 7:41 | Crypt Fiend |
| 7:41 | Crypt Fiend |
| 7:49 | Ziggurat |
| 7:52 | Ziggurat |
| 8:26 | Frost Armor |
| 8:33 | Crypt Fiend |
| 8:33 | Crypt Fiend |
| 8:39 | Ziggurat |
| 8:47 | Ziggurat |
| 8:52 | Ziggurat |
| 8:55 | Ziggurat |
| 9:01 | Ziggurat |
| 11:35 | Improved Creature Attack |
| 11:35 | Improved Creature Carapace |
| 11:47 | Spirit Tower |
| 11:49 | Spirit Tower |
| 11:52 | Spirit Tower |
| 11:54 | Spirit Tower |
| 12:12 | Crypt Fiend |
| 12:12 | Crypt Fiend |
| 12:12 | Crypt Fiend |
| 12:43 | Crypt |
| 12:57 | Crypt Fiend |
| 12:57 | Crypt Fiend |
| 13:52 | Crypt Fiend |
| 13:52 | Crypt Fiend |
| 13:52 | Crypt Fiend |
| 14:05 | Frost Nova |
| 15:42 | Crypt Fiend |
| 15:42 | Crypt Fiend |
| 15:45 | Crypt Fiend |
| 15:45 | Crypt Fiend |
| 15:53 | Slaughterhouse |
| 17:11 | Obsidian Statue |
| 17:11 | Obsidian Statue |
| 17:11 | Obsidian Statue |
| 17:12 | Obsidian Statue |
| 18:15 | Frost Armor |
| 18:27 | Obsidian Statue |
| 18:32 | Crypt Fiend |
| 18:37 | Crypt Fiend |
| 19:54 | Scroll of Town Portal |
| 20:58 | Meat Wagon |
| 20:58 | Meat Wagon |
| 21:31 | Unholy Strength |
| 23:27 | Crypt Fiend |
| 23:27 | Crypt Fiend |
| 23:55 | Acolyte |
| 24:59 | Crypt Fiend |
| 25:04 | Crypt Fiend |
| 25:51 | Crypt Fiend |
| 25:54 | Obsidian Statue |
| 26:00 | Obsidian Statue |
| 28:09 | Crypt Fiend |
| 28:10 | Crypt Fiend |
| 28:14 | Obsidian Statue |
| 28:15 | Obsidian Statue |
| 28:20 | Crypt Fiend |
| 28:20 | Crypt Fiend |
| 28:38 | Scroll of Town Portal |
| 29:15 | Crypt Fiend |
| 29:18 | Crypt Fiend |
| 30:18 | Crypt Fiend |
| Right click | 255 |
| Select | 212 |
| Build/train/purchase | 80 |
| Use ability | 16 |
| Misc. action | 2 |
| Minimap ping | 2 |
| Item give/drop | 1 |
| Remove unit | 1 |

| Rod of Necromancy | 2 | 300 |
| Sacrificial Skull | 1 | 50 |
| Ritual Dagger | 1 | 125 |
| Potion of Mana | 3 | 600 |
| Potion of Healing | 6 | 900 |
| Lesser Clarity Potion | 2 | 140 |
| Scroll of Town Portal | 6 | 2100 |
| Scroll of Healing | 4 | 1000 |
| Boots of Speed | 1 | 250 |
| Healing Salve | 3 | 300 |
| total: | 29 | 5765g |
| Acolyte | 14 | 1050 | / | 0 |
| Ghoul | 26 | 3120 | / | 0 |
| Necromancer | 21 | 3045 | / | 420 |
| Obsidian Statue | 4 | 800 | / | 140 |
| Meat Wagon | 10 | 2300 | / | 500 |
| Banshee | 2 | 310 | / | 60 |
| total: | 77 | 10625g | / | 1120w |
| Nerubian Tower | 2 | 200 | / | 40 |
| Spirit Tower | 4 | 580 | / | 160 |
| Altar of Darkness | 1 | 180 | / | 50 |
| Ziggurat | 9 | 1350 | / | 450 |
| Crypt | 2 | 400 | / | 100 |
| Tomb of Relics | 1 | 130 | / | 30 |
| Graveyard | 2 | 430 | / | 0 |
| Temple of the Damned | 2 | 310 | / | 280 |
| Slaughterhouse | 2 | 280 | / | 270 |
| Halls of the Dead | 2 | 640 | / | 420 |
| Black Citadel | 1 | 325 | / | 230 |
| Workshop | 3 | 420 | / | 420 |
| Castle | 2 | 720 | / | 420 |
| total: | 22 | 3500g | / | 1600w |
| 0:01 | Acolyte |
| 0:01 | Acolyte |
| 0:05 | Altar of Darkness |
| 0:09 | Ziggurat |
| 0:46 | Crypt |
| 0:51 | Tomb of Relics |
| 1:12 | Crypt |
| 1:24 | Acolyte |
| 1:51 | Ghoul |
| 1:57 | Ziggurat |
| 2:05 | Ghoul |
| 2:07 | Rod of Necromancy |
| 2:09 | Sleep |
| 2:17 | Ghoul |
| 2:22 | Ghoul |
| 2:35 | Acolyte |
| 2:50 | Ghoul |
| 3:11 | Nerubian Tower |
| 3:15 | Ghoul |
| 3:22 | Cannibalize |
| 3:22 | Ghoul |
| 3:41 | Carrion Swarm |
| 3:46 | Ghoul |
| 3:54 | Sacrificial Skull |
| 4:15 | Ghoul |
| 4:18 | Ziggurat |
| 5:05 | Halls of the Dead |
| 5:10 | Acolyte |
| 5:10 | Acolyte |
| 5:11 | Acolyte |
| 5:21 | Carrion Swarm |
| 5:26 | Ghoul |
| 5:47 | Ghoul |
| 6:23 | Ghoul |
| 6:25 | Graveyard |
| 6:28 | Graveyard |
| 6:29 | Ghoul |
| 6:43 | Ziggurat |
| 6:45 | Ziggurat |
| 6:47 | Ziggurat |
| 7:00 | Ghoul |
| 8:16 | Halls of the Dead |
| 8:16 | Ghoul |
| 8:17 | Unholy Strength |
| 8:17 | Unholy Armor |
| 8:30 | Ritual Dagger |
| 8:32 | Rod of Necromancy |
| 8:39 | Nerubian Tower |
| 8:39 | Spirit Tower |
| 8:40 | Spirit Tower |
| 8:41 | Ziggurat |
| 9:11 | Ghoul |
| 9:14 | Ghoul |
| 9:42 | Sleep |
| 9:58 | Ghoul |
| 10:37 | Spirit Tower |
| 11:12 | Black Citadel |
| 11:30 | Temple of the Damned |
| 11:30 | Temple of the Damned |
| 11:32 | Slaughterhouse |
| 11:38 | Slaughterhouse |
| 11:43 | Scroll of Town Portal |
| 11:50 | Potion of Mana |
| 12:07 | Ghoul |
| 12:09 | Improved Unholy Strength |
| 12:09 | Improved Unholy Armor |
| 12:18 | Potion of Healing |
| 12:36 | Skeletal Mastery |
| 12:38 | Necromancer |
| 12:38 | Necromancer |
| 12:42 | Necromancer Adept Training |
| 12:44 | Exhume Corpses |
| 13:03 | Carrion Swarm |
| 13:35 | Obsidian Statue |
| 13:36 | Necromancer Master Training |
| 13:36 | Necromancer |
| 13:38 | Obsidian Statue |
| 13:38 | Meat Wagon |
| 13:41 | Ghoul |
| 13:41 | Ghoul |
| 13:45 | Scroll of Healing |
| 14:23 | Necromancer |
| 14:23 | Necromancer |
| 14:24 | Meat Wagon |
| 14:38 | Boots of Speed |
| 14:38 | Scroll of Healing |
| 14:54 | Meat Wagon |
| 14:56 | Necromancer |
| 14:57 | Advanced Unholy Strength |
| 15:07 | Potion of Mana |
| 15:20 | Meat Wagon |
| 15:46 | Potion of Healing |
| 15:54 | Meat Wagon |
| 15:57 | Necromancer |
| 16:37 | Acolyte |
| 16:37 | Acolyte |
| 16:37 | Acolyte |
| 16:37 | Acolyte |
| 16:37 | Acolyte |
| 17:13 | Acolyte |
| 17:13 | Acolyte |
| 17:24 | Meat Wagon |
| 17:48 | Inferno |
| 18:03 | Necromancer |
| 18:36 | Necromancer |
| 18:37 | Necromancer |
| 18:53 | Meat Wagon |
| 19:23 | Ziggurat |
| 19:25 | Ziggurat |
| 19:59 | Potion of Healing |
| 20:01 | Scroll of Town Portal |
| 20:01 | Scroll of Healing |
| 21:16 | Banshee |
| 21:16 | Banshee |
| 21:22 | Meat Wagon |
| 21:28 | Scroll of Town Portal |
| 21:28 | Scroll of Town Portal |
| 22:00 | Potion of Healing |
| 22:02 | Healing Salve |
| 22:07 | Scroll of Town Portal |
| 22:29 | Banshee Adept Training |
| 23:10 | Meat Wagon |
| 23:30 | Necromancer |
| 23:32 | Obsidian Statue |
| 23:38 | Sleep |
| 23:44 | Disease Cloud |
| 24:07 | Necromancer |
| 24:48 | Necromancer |
| 25:03 | Necromancer |
| 25:03 | Necromancer |
| 25:20 | Necromancer |
| 25:20 | Necromancer |
| 25:55 | Vampiric Aura |
| 26:18 | Scroll of Town Portal |
| 26:18 | Scroll of Healing |
| 26:49 | Ghoul |
| 26:50 | Ghoul |
| 27:14 | Spirit Tower |
| 27:21 | Ghoul |
| 27:36 | Obsidian Statue |
| 27:37 | Meat Wagon |
| 27:39 | Necromancer |
| 27:39 | Necromancer |
| 27:42 | Ghoul |
| 28:55 | Castle |
| 28:58 | Workshop |
| 28:59 | Workshop |
| 29:00 | Workshop |
| 29:05 | Healing Salve |
| 29:13 | Lesser Clarity Potion |
| 29:14 | Potion of Mana |
| 29:40 | Potion of Healing |
| 30:04 | Potion of Healing |
| 30:05 | Lesser Clarity Potion |
| 30:06 | Healing Salve |
| 30:16 | Necromancer |
| 30:16 | Necromancer |
| 30:21 | Ghoul |
| Right click | 1866 |
| Select group | 1225 |
| Select | 773 |
| Assign group | 259 |
| Build/train/purchase | 226 |
| Misc. action | 212 |
| Chat | 125 |
| Use ability | 84 |
| Minimap ping | 10 |
| Item give/drop | 4 |

| Healing Salve | 1 | 100 |
| total: | 1 | 100g |
| Peon | 21 | 1575 | / | 0 |
| Grunt | 9 | 1800 | / | 0 |
| Demolisher | 7 | 1540 | / | 350 |
| Troll Headhunter | 2 | 280 | / | 40 |
| Peasant | 16 | 1200 | / | 0 |
| Rifleman | 28 | 5740 | / | 840 |
| total: | 83 | 12135g | / | 1230w |
| Watch Tower | 22 | 2420 | / | 1760 |
| Orc Burrow | 5 | 800 | / | 200 |
| Barracks | 2 | 360 | / | 100 |
| Altar of Storms | 1 | 180 | / | 50 |
| War Mill | 1 | 205 | / | 0 |
| Great Hall | 1 | 385 | / | 185 |
| Voodoo Lounge | 2 | 260 | / | 60 |
| Stronghold | 1 | 315 | / | 190 |
| Fortress | 1 | 325 | / | 190 |
| Scout Tower | 1 | 30 | / | 20 |
| Guard Tower | 1 | 70 | / | 50 |
| Farm | 6 | 480 | / | 120 |
| Lumber Mill | 1 | 120 | / | 0 |
| Keep | 1 | 320 | / | 210 |
| total: | 42 | 5240g | / | 2495w |
| 0:06 | Peon |
| 0:06 | Peon |
| 0:14 | Orc Burrow |
| 0:16 | Peon |
| 0:16 | Peon |
| 0:16 | Peon |
| 0:16 | Peon |
| 0:45 | Barracks |
| 0:57 | Altar of Storms |
| 1:01 | Peon |
| 1:16 | Orc Burrow |
| 2:19 | Peon |
| 2:23 | Grunt |
| 2:57 | War Mill |
| 3:11 | Grunt |
| 4:08 | Grunt |
| 4:10 | Peon |
| 4:10 | Peon |
| 4:14 | Watch Tower |
| 5:00 | Grunt |
| 5:46 | Watch Tower |
| 6:04 | Peasant |
| 6:04 | Peasant |
| 6:04 | Peasant |
| 6:11 | Watch Tower |
| 6:21 | Orc Burrow |
| 6:23 | Stronghold |
| 6:46 | Watch Tower |
| 6:52 | Watch Tower |
| 7:20 | Barracks |
| 7:22 | Grunt |
| 7:22 | Grunt |
| 7:26 | Orc Burrow |
| 7:34 | War Stomp |
| 8:04 | Watch Tower |
| 8:15 | Peasant |
| 8:15 | Peasant |
| 8:29 | Watch Tower |
| 8:42 | Endurance Aura |
| 8:55 | Great Hall |
| 8:58 | Peasant |
| 8:58 | Peasant |
| 8:58 | Peasant |
| 8:59 | Peasant |
| 8:59 | Peasant |
| 9:06 | Demolisher |
| 9:06 | Grunt |
| 9:12 | Peon |
| 9:12 | Peon |
| 9:12 | Peon |
| 9:13 | Peon |
| 9:37 | Voodoo Lounge |
| 10:12 | Watch Tower |
| 10:16 | Watch Tower |
| 10:26 | Rifleman |
| 10:26 | Rifleman |
| 10:26 | Rifleman |
| 10:27 | Rifleman |
| 10:27 | Rifleman |
| 10:27 | Rifleman |
| 10:33 | Farm |
| 11:54 | Healing Salve |
| 12:04 | Demolisher |
| 12:06 | Grunt |
| 12:10 | Orc Burrow |
| 12:18 | Rifleman |
| 12:18 | Rifleman |
| 12:18 | Rifleman |
| 12:20 | Farm |
| 12:34 | Farm |
| 12:36 | Farm |
| 12:55 | Rifleman |
| 12:55 | Rifleman |
| 12:55 | Rifleman |
| 12:55 | Rifleman |
| 13:29 | Demolisher |
| 13:29 | Grunt |
| 13:33 | Steel Ranged Weapons |
| 13:49 | Watch Tower |
| 14:11 | Voodoo Lounge |
| 14:20 | Watch Tower |
| 14:25 | Watch Tower |
| 14:49 | Peasant |
| 14:50 | Peasant |
| 14:50 | Peasant |
| 14:50 | Peasant |
| 14:50 | Peasant |
| 14:50 | Peasant |
| 15:37 | Demolisher |
| 15:42 | Watch Tower |
| 15:51 | Watch Tower |
| 17:09 | Watch Tower |
| 17:27 | Rifleman |
| 17:27 | Rifleman |
| 17:27 | Rifleman |
| 17:28 | Rifleman |
| 17:28 | Rifleman |
| 17:28 | Rifleman |
| 17:30 | Scout Tower |
| 18:49 | Demolisher |
| 19:06 | Watch Tower |
| 19:22 | Farm |
| 19:23 | Farm |
| 19:43 | Reinforced Defenses |
| 19:48 | Watch Tower |
| 19:58 | Troll Headhunter |
| 19:59 | Troll Headhunter |
| 20:34 | Peon |
| 20:34 | Peon |
| 20:34 | Peon |
| 20:34 | Peon |
| 20:34 | Peon |
| 20:44 | Lumber Mill |
| 21:16 | Watch Tower |
| 21:20 | Watch Tower |
| 21:32 | Peon |
| 21:32 | Peon |
| 22:03 | Spiked Barricades |
| 22:37 | Demolisher |
| 23:54 | Thorium Ranged Weapons |
| 24:48 | Fortress |
| 24:58 | Keep |
| 25:00 | Rifleman |
| 25:00 | Rifleman |
| 25:01 | Rifleman |
| 25:01 | Rifleman |
| 25:01 | Rifleman |
| 25:01 | Rifleman |
| 25:01 | Rifleman |
| 25:02 | Rifleman |
| 25:02 | Rifleman |
| 26:04 | Watch Tower |
| 26:16 | Watch Tower |
| 26:36 | Demolisher |
| 27:37 | Watch Tower |
| 29:03 | Guard Tower |
| Right click | 1309 |
| Select | 558 |
| Build/train/purchase | 112 |
| Select group | 84 |
| Misc. action | 48 |
| Minimap ping | 27 |
| Assign group | 23 |
| Resource trade | 12 |
| Use ability | 8 |
| Remove unit | 2 |

| Footman | 4 | 540 | / | 0 |
| Peasant | 2 | 150 | / | 0 |
| total: | 6 | 690g | / | 0w |
| Altar of Kings | 1 | 180 | / | 50 |
| Barracks | 1 | 160 | / | 60 |
| Farm | 1 | 80 | / | 20 |
| Blacksmith | 1 | 140 | / | 60 |
| total: | 4 | 560g | / | 190w |
| 0:08 | Altar of Kings |
| 0:14 | Barracks |
| 0:16 | Farm |
| 1:38 | Blacksmith |
| 2:20 | Summon Water Elemental |
| 2:52 | Footman |
| 2:52 | Footman |
| 2:52 | Footman |
| 3:21 | Peasant |
| 3:46 | Peasant |
| 4:19 | Footman |
| Right click | 103 |
| Select | 43 |
| Build/train/purchase | 11 |
| Esc | 1 |